 Dungeon Crawl Stone Soup version 0.28-a0-983-g1de4e07 (webtiles) character file.

Game seed: 14586338375523201563

114 HDogLeCool the Covered (level 5, -3/37 HPs)
             Began as a Human Wanderer on Dec 2, 2021.
             Was an Initiate of Gozag.
             Slain by an ogre (27 damage)
             ... on level 3 of the Dungeon.
             The game lasted 00:10:42 (3190 turns).

HDogLeCool the Covered (Human Wanderer)             Turns: 3190, Time: 00:10:43

Health: -3/37      AC: 13    Str: 13    XL:     5   Next: 19%
Magic:  5/8        EV:  8    Int: 14    God:    Gozag
Gold:   132        SH:  0    Dex: 12    Spells: 7/8 levels left

rFire   . . .      SeeInvis .   l - +0 great sword
rCold   . . .      Faith    .   (shield currently unavailable)
rNeg    . . .      Spirit   .   b - +2 scale mail
rPois   .          Reflect  .   (no helmet)
rElec   .          Harm     .   (no cloak)
rCorr   .          Rampage  .   m - +0 pair of gloves
Will    .....                   (no boots)
Stlth   ..........              (no amulet)
HPRegen 0.12/turn               i - +4 ring of protection
MPRegen 0.11/turn               (no ring)

@: very slightly contaminated
A: no striking features
a: Renounce Religion, Potion Petition, Call Merchant, Bribe Branch


You were on level 3 of the Dungeon.
You worshipped Gozag.
Gozag was aware of your devotion.
You visited 1 branch of the dungeon, and saw 3 of its levels.

You collected 163 gold pieces.
You paid 31 gold pieces to Gozag.

Inventory:

Hand Weapons
 a - a +0 mace
 c - a +0 dagger
 l - a +0 great sword (weapon)
Missiles
 e - 69 stones
Armour
 b - a +2 scale mail (worn)
 m - a +0 pair of gloves (worn)
Jewellery
 i - a +4 ring of protection (left hand)
 n - an amulet of magic regeneration
Wands
 j - a wand of flame (10)
Scrolls
 d - a scroll of blinking {unknown}
 g - 2 scrolls of identify
 h - a scroll of enchant armour {unknown}
 k - a scroll of teleportation {unknown}
Potions
 f - a potion of lignification


   Skills:
 + Level 1.5 Fighting
 * Level 1.2 Long Blades
 - Level 1.6 Maces & Flails
 + Level 2.6 Armour
 - Level 2.0 Stealth
 - Level 2.4 Spellcasting
 - Level 1.2 Conjurations
 - Level 2.3 Summonings
 - Level 1.5 Fire Magic


You had 7 spell levels left.
You knew the following spells:

 Your Spells              Type           Power      Damage    Failure   Level
a - Foxfire               Conj/Fire      20%        2x1d5     50%         1

Your spell library contained the following spells:

 Spells                   Type           Power      Damage    Failure   Level
 Ignite Poison            Fire/Tmut/Pois 3%         N/A       94%         3
 Summon Ice Beast         Ice/Summ       5%         N/A       99%         4
 Summon Mana Viper        Hex/Summ       5%         N/A       100%        5
 Monstrous Menagerie      Summ           4%         N/A       100%        7


Dungeon Overview and Level Annotations

Branches:
Dungeon (3/15)

Altars:
Gozag
Hepliaklqana
Nemelex Xobeh
Sif Muna
Trog
Xom
Zin


Message History

Key pressed, stopping explore.
As you read the scroll labelled VOANOSK SIRO, it crumbles to dust.
It is a scroll of identify.
f - a potion of lignification
There is an opulent altar of Gozag here.
There is an open door here.
You see here a +0 dagger.
The ogre shouts!
Casting: Foxfire (safe; 50% risk of failure)
Confirm with . or Enter, or press ? or * to list all spells.
You miscast Foxfire.
You are very lightly contaminated with residual magic.
Nothing appears to happen.
Casting: Foxfire (safe; 50% risk of failure)
Confirm with . or Enter, or press ? or * to list all spells.
You miscast Foxfire.
Nothing appears to happen.
Casting: Foxfire (safe; 50% risk of failure)
Confirm with . or Enter, or press ? or * to list all spells.
You conjure some foxfire!
The foxfire hits the ogre.
The ogre is lightly wounded.
The foxfire hits the ogre.
The ogre is lightly wounded.
Casting: Foxfire (safe; 50% risk of failure)
Confirm with . or Enter, or press ? or * to list all spells.
You conjure some foxfire!
The foxfire hits the ogre.
The ogre is moderately wounded.
The foxfire hits the ogre.
The ogre is heavily wounded.
The ogre completely misses you.
You closely miss the ogre.
The ogre is heavily wounded.
The ogre hits you with a +0 giant club!
You barely miss the ogre.
The ogre is heavily wounded.
The ogre hits you with a +0 giant club!!
Ouch! That really hurt!
You die...
Your body crumbles into a pile of gold.

********,,,8,,,********
*_,,,,.............,,_*
######,,....8...8....,,***
.....#**............,************
#####.,###....⌠....###*>,,,,,,,,,
.# ***#.............###,,,,,,,,,
.# ***,,....8...8......#**,,,,,,,
.# *_,,,........O......._*,,,,,,,
.# *******#...8.@.#*******,,,,,,,
.# *,,,,##.....## *,,,,,,,,,, .#
*,,,,,##...## *,,,,,,,,,,
.#######.#*###)### *,,,,,,,,,,
....(....###.#'#.#####*,,,,,,,,,,
...........'..........,,>,,,,,,,,
#######..###......####**,,,,,,,,*
#######...##..........,*,,,,,,,,*
......#.#.####........,*,,,,,,,,*


You could see an ogre.

Vanquished Creatures
  4 adders
  2 dart slugs (D:3)
  6 orcs (D:3)
  5 endoplasms
  2 giant cockroaches
  6 goblins
  4 hobgoblins (D:1)
  2 jackals (D:2)
  4 quokkas
  5 ball pythons
  8 bats
  6 frilled lizards
  6 kobolds
  6 rats
66 creatures vanquished.

Vanquished Creatures (others)
  4 foxfires (D:3)
4 creatures vanquished.

Grand Total: 70 creatures vanquished

Notes
Turn   | Place    | Note
-------+----------+-------------------------------------------
     0 | D:1      | HDogLeCool the Human Wanderer began the quest for the Orb.
     0 | D:1      | HDogLeCool set off with the following items: a +0 mace, a
                  | +2 scale mail, a +0 dagger; and the following spell
                  | memorised: Foxfire; and the following spells available to
                  | memorise: Ignite Poison
     0 | D:1      | Reached XP level 1. HP: 13/13 MP: 3/3
   342 | D:1      | Reached XP level 2. HP: 19/19 MP: 5/5
   813 | D:1      | Reached XP level 3. HP: 24/25 MP: 6/6
  1343 | D:2      | Reached skill level 1 in Fighting
  1482 | D:2      | Reached skill level 1 in Conjurations
  1482 | D:2      | Reached XP level 4. HP: 20/32 MP: 7/7
  1626 | D:2      | Found a faded altar of an unknown god.
  1633 | D:2      | Prayed at the altar of an unknown god.
  1633 | D:2      | Became a worshipper of Sif Muna the Loreminder
  1633 | D:2      | Reached * piety under Sif Muna
  2266 | D:3      | Found an opulent altar of Gozag.
  2286 | D:3      | Fell from the grace of Sif Muna
  2286 | D:3      | Became a worshipper of Gozag Ym Sagoz the Greedy
  2329 | D:3      | Noticed an ogre
  2467 | D:3      | Reached XP level 5. HP: 22/37 MP: 8/8
  2619 | D:3      | Reached skill level 1 in Long Blades
  2725 | D:3      | Found a glowing silver altar of Zin.
  2727 | D:3      | Found a shimmering altar of Xom.
  2728 | D:3      | Found a hazy altar of Hepliaklqana.
  2736 | D:3      | Found a sparkling altar of Nemelex Xobeh.
  2968 | D:3      | Found a bloodstained altar of Trog.
  3132 | D:3      | Found an opulent altar of Gozag.
  3190 | D:3      | Slain by an ogre

Illustrated notes

Levels and vault maps discovered:
D:1:      heliophobic_arrival_dark_side_of_the_moon, layout_loops_cross,
          minmay_misc_feat_x
D:2:      layout_rooms, ebering_ecumenical_altar_webs
D:3:      layout_basic, mainiacjoe_overflow_small_starburst,
          minmay_overflow_temple_star_hex

Skill      XL: |  1  2  3  4  5 |
---------------+----------------+-----
Fighting       | 1 |  1.5
Conjurations   | 1 |  1.2
Long Blades    | 1 |  1.2
Maces & Flails | |  1.6
Armour         | |  2.6
Stealth        | |  2.0
Spellcasting   | |  2.4
Summonings     | |  2.3
Fire Magic     | |  1.5

Action                   |  1- 3 |  4- 6 || total
-------------------------+-------+-------++-------
Melee: Mace              |   131 |    29 ||   160
       Great sword       |       |    93 ||    93
 Cast: Foxfire           |       |     2 ||     2
  Use: Scroll            |       |     1 ||     1
Armor: Scale mail        |   106 |   154 ||   260
Dodge: Dodged            |    93 |    91 ||   184

Table legend: (Time is in decaauts)
 A = Elapsed time spent in this place.
 B = Non-inter-level travel time spent in this place.
 C = Inter-level travel time spent in this place.
 D = Time resting spent in this place.
 E = Time spent auto-exploring this place.
 F = Levels seen in this place.
 G = Mean time per level.
                   A        B        C        D        E       F      G
               +--------+--------+--------+--------+--------+-----+--------+
         Total |   3312 |   3260 |     52 |    730 |   1664 |   3 | 1104.0 |
       Dungeon |   3312 |   3260 |     52 |    730 |   1664 |   3 | 1104.0 |
               +--------+--------+--------+--------+--------+-----+--------+

Top non-repeatable levels by time:
     D:1: 1359 daAuts
     D:3: 1002 daAuts
     D:2: 950 daAuts
